 Dungeon Crawl Stone Soup version 0.20.1-1-g8b1a95d (webtiles) character file.

231760 Aolhelm the Bludgeoner (level 19, -1/125 HPs)
             Began as a Gargoyle Fighter on Sept 11, 2017.
             Was the Champion of Zin.
             Slain by an acid blob (16 damage)
             ... on level 6 of the Lair of Beasts on Sept 12, 2017.
             The game lasted 02:59:24 (33825 turns).

Aolhelm the Bludgeoner (Gargoyle Fighter)          Turns: 33825, Time: 02:59:26

Health: -1/125     AC: 37    Str: 29    XL:     19   Next: 6%
Magic:  26/26      EV:  8    Int: 15    God:    Zin [******]
Gold:   835        SH: 14    Dex: 11    Spells: 4/18 levels left

rFire    + . .     SeeInvis +   a - +8 eveningstar (holy)
rCold    + . .     Gourm    .   T - +0 shield {AC+3}
rNeg     + . .     Faith    +   t - +5 plate armour "Tigiynyw" {Regen+ Int+3 SInv}
rPois    ∞         Spirit   .   r - +1 helmet
rElec    +         Reflect  .   o - scarf {repulsion}
rCorr    +         Harm     .   X - +1 pair of gloves
MR       +....     Clarity  +   z - +1 pair of boots
Stlth    ..........             w - amulet of Truth {Faith *Corrode rC+ Int+4}
Regen    0.7/turn               V - ring of resist corrosion
MPRegen  0.2/turn               Z - +5 ring of protection

@: corroded, flying, studying Fire Magic, repel missiles
A: big wings, agile 1, clarity, fire resistance 1, mutation resistance 1,
negative energy resistance 1, screaming 1, electricity resistance, unbreathing,
petrification resistance, rot immunity, AC +13
}: 2/15 runes: decaying, gossamer
a: Stop Flying, Recite, Vitalisation, Imprison, Sanctuary, Donate Gold, Cure All
Mutations, Renounce Religion


You were on level 6 of the Lair of Beasts.
You worshipped Zin.
Zin was exalted by your worship.
You were not hungry.

You visited 7 branches of the dungeon, and saw 34 of its levels.
You visited the Abyss 1 time.
You also visited: Labyrinth and Volcano.

You collected 3976 gold pieces.
You spent 3049 gold pieces at shops.
You donated 92 gold pieces to Zin.

Inventory:

Hand Weapons
 a - a +8 eveningstar of holy wrath (weapon)
Missiles
 C - 5 poisoned javelins (quivered)
 K - 8 javelins
Armour
 o - a scarf of repulsion (worn)
 r - a +1 helmet (worn)
 t - the +5 plate armour "Tigiynyw" (worn) {Regen+ Int+3 SInv}
   (You bought it in a shop on level 9 of the Dungeon)

   It affects your intelligence (+3).
   It lets you see invisible.
   It increases your rate of regeneration.
 z - a +1 pair of boots (worn)
 T - a +0 shield of protection (worn)
 X - a +1 pair of gloves (worn)
Jewellery
 b - an uncursed ring of protection from magic
 f - a +5 ring of intelligence
 g - the ring of Fotsifi {Fire Str+5}
   (You found it on level 1 of the Swamp)

   [ring of fire]

   It enhances your fire magic.
   It affects your strength (+5).
   It protects you from fire.
   It makes you vulnerable to cold.
 w - the amulet of Truth (around neck) {Faith *Corrode rC+ Int+4}
   (You found it on level 1 of the Swamp)

   [amulet of faith]

   It allows you to gain divine favour quickly.
   It affects your intelligence (+4).
   It protects you from cold.
   It may corrode you when you take damage.
 V - a ring of resist corrosion (left hand)
 Z - a +5 ring of protection (right hand)
Wands
 l - a wand of acid (6/15)
 v - a wand of scattershot (2/9)
 S - a wand of iceblast (7/15)
 W - a wand of digging (6/24)
Scrolls
 e - 2 scrolls of summoning
 h - 8 scrolls of remove curse
 m - a scroll of silence
 p - 6 scrolls of fog
 q - 12 scrolls of identify
 B - a scroll of blinking
 J - 5 scrolls of teleportation
 O - 2 scrolls of fear
 P - a scroll of recharging
 Q - a scroll of magic mapping
Potions
 j - 7 potions of heal wounds
 n - 2 potions of agility
 s - 10 potions of curing
 u - a potion of might
 x - 5 potions of brilliance
 A - 7 potions of magic
 D - 10 potions of haste
 E - 3 potions of resistance
 F - 4 potions of berserk rage
 M - 2 potions of invisibility
 R - a potion of ambrosia
 U - a potion of cancellation
Books
 N - a manual of Fire Magic
Comestibles
 i - 16 meat rations
 k - 62 fruits


   Skills:
 + Level 16.2 Fighting
 - Level 20.0 Maces & Flails
 + Level 11.2 Armour
 - Level 15.0 Shields
 * Level 9.2 Conjurations
 * Level 12.0 Fire Magic
 * Level 10.0 Earth Magic
 - Level 10.0 Invocations


You had 4 spell levels left.
You knew the following spells:

 Your Spells              Type           Power        Failure   Level  Hunger
a - Stone Arrow           Conj/Erth      ####..       11%         3    ####...
b - Bolt of Magma         Conj/Fire/Erth ####......   58%         5    ######.
c - Iron Shot             Conj/Erth      ####......   99%         6    #######


Dungeon Overview and Level Annotations

Branches:
Dungeon (15/15)            Temple (1/1) D:7            Lair (6/6) D:11
  Swamp (4/4) Lair:3       Spider (4/4) Lair:2        Slime (2/5) Lair:6
    Orc (2/2) D:9             Elf (0/3) Orc:2        Vaults (0/5) D:13
 Depths (0/5) D:15

Altars:
Ashenzari
Cheibriados
Dithmenos
Elyvilon
Fedhas
Gozag
Hepliaklqana
Kikubaaqudgha
Makhleb
Nemelex Xobeh
Okawaru
Qazlal
Ru
Sif Muna
Trog
Uskayaw
Vehumet
Xom
Yredelemnul
Zin
The Shining One
Beogh
Jiyva

Shops:
D:9 [*   D:10 }   D:15 :   Orc:2 ::?(

Annotations:
D:3 1 runed door
Lair:4 exclusion: oklob plant


Innate Abilities, Weirdness & Mutations

You are resistant to torment.
Your stone body is resilient. (AC +13)
You are immune to poison.
Your large and strong wings let you fly indefinitely.
You resist negative energy. (rN+)
You are resistant to electric shocks. (rElec)
You can survive without breathing.
You are immune to petrification.
You are immune to rotting.
You are agile. (Dex +2)
You possess an exceptional clarity of mind.
Your flesh is heat resistant. (rF+)
You are somewhat resistant to further mutation.
You occasionally shout uncontrollably at your foes.


Message History

The acid burns!
You resist.
* * * LOW HITPOINT WARNING * * *
You bludgeon the acid blob!!
Your hands burn!
* * * LOW HITPOINT WARNING * * *
The acid blob is moderately wounded.
You perforate the acid blob like a sieve!!!
Your hands burn!
* * * LOW HITPOINT WARNING * * *
The acid blob is heavily wounded.
The acid blob spits acid at you. The splash of acid hits you!
The acid corrodes you!
You are splashed with acid!
The acid burns!
You resist.
* * * LOW HITPOINT WARNING * * *
You feel much better. The acid blob hits you!
* * * LOW HITPOINT WARNING * * *
Your corrosive artefact corrodes you!
You are splashed with acid!
The acid burns!
You resist.
* * * LOW HITPOINT WARNING * * *
The acid blob hits you!
You die...

≈≈..#...#............#..P..##...#
≈≈≈.#...#......).......P....##.##
≈≈≈.....#......##..........###..#
≈≈≈.....#....P.#....#......###.##
#≈≈...........#......#..#.###...#
≈≈≈....##....P........#...###..#.
≈≈≈≈....##..P.......P.P....#....#
≈≈..≈...).......................#
≈≈..............@...............#
≈PP............J_..............##
P..≈............................#
≈.≈....###...##........###.##..##
≈..≈...##..P###.......###.####..#
......###..####.....#..#### ##...
.....PP.PP...###....P.....###...#
.≈.........................##...#
......##.......#......P....##...P


You could see an acid blob.

Vanquished Creatures
  Arachne (Spider:4)
  Rupert (Orc:2)
  The ghost of Gorgoleon the Peltast, an adept MiFi of Okawaru (Slime:1)
  The ghost of antares the Phalangite, an adept MfGl of Elyvilon (Spider:2)
  An acid blob (Slime:1)
  2 tentacled starspawn (Abyss:2)
  4 thorn hunters (Swamp:4)
  5 ghost moths (Spider:4)
  4 emperor scorpions
  A very ugly thing (Swamp:4)
  7 entropy weavers
  2 spark wasps (Spider:4)
  Snorg (D:12)
  A minotaur (Lab)
  6 ogre magi
  30 hydras
  2 centaur warriors
  A ghost crab (Swamp:3)
  7 alligators
  14 two-headed ogres
  A queen ant (Lair:2)
  3 tengu warriors
  A spriggan berserker (Swamp:4)
  A sun demon (Volcano)
  The ghost of maximusg the Severer, a novice MiBe of Trog (D:8)
  A spatial maelstrom (Abyss:2)
  2 skeletal warriors (D:15)
  An unseen horror (shapeshifter) (D:13)
  3 spriggan druids
  14 swamp dragons
  3 shambling mangroves
  2 necromancers
  An orange crystal statue (D:12)
  A phantasmal warrior (D:15)
  A wizard (D:15)
  4 oklob plants (Lair:1)
  11 orc sorcerers
  12 orb spiders
  16 wolf spiders
  2 orc knights
  7 ugly things
  A frost giant zombie (D:15)
  4 cyclopes
  A fire giant zombie (D:15)
  2 centaur zombies
  2 manticores
  A shining eye (Slime:1)
  A moth of wrath (Spider:4)
  9 black mambas
  29 spiny frogs
  The ghost of Golfball the Skirmisher, a novice DsBe of Trog (D:4)
  A torpor snail (Spider:3)
  A gargoyle (D:14)
  An efreet (Abyss:2)
  15 demonic crawlers
  3 rime drakes
  2 freezing wraiths
  A yaktaur (D:11)
  A hellwing (Abyss:2)
  7 komodo dragons
  A redback zombie (D:13)
  12 trolls
  7 tyrant leeches
  17 jumping spiders
  A polar bear (Lair:2)
  12 hippogriffs
  11 bog bodies
  42 slime creatures
  An ettin zombie (D:15)
  17 hornets
  7 dream sheep (Lair:5)
  35 blink frogs
  47 redbacks
  2 spriggans (Swamp:2)
  33 tarantellas
  4 wyverns
  47 yaks
  3 shadows
  Eustachio (D:5)
  4 basilisks
  An ice dragon skeleton (D:15)
  2 wraiths
  2 hungry ghosts
  2 chaos spawn (Abyss:2)
  2 large abominations (Abyss:2)
  22 vampire mosquitoes
  17 swamp worms
  3 wargs
  15 insubstantial wisps
  3 acid dragons
  11 soldier ants (Lair:2)
  A spatial vortex (Abyss:2)
  Duvessa (D:5)
  2 soldier ants (shapeshifter)
  14 water moccasins
  A hell hound (Volcano)
  19 orc warriors
  13 porcupines
  5 sky beasts
  17 swamp drakes
  5 ice beasts
  4 phantoms
  A small abomination (Abyss:2)
  12 centaurs
  5 wolves
  6 eyes of draining
  10 ogres
  19 crocodiles
  5 big kobolds
  35 bullfrogs
  A gnoll sergeant (D:11)
  A wyvern skeleton (D:14)
  Dowan (D:5)
  4 scorpions
  A spriggan skeleton (Lab)
  A wight (D:10)
  18 killer bees
  An oklob sapling (D:7)
  4 electric eels
  2 howler monkeys
  A troll skeleton (Lab)
  10 crimson imps
  A bullfrog zombie (D:5)
  A lava snake (D:8)
  2 quasits (D:7)
  3 bullfrog skeletons
  10 hounds
  4 jellies
  15 orc priests
  5 centaur skeletons
  11 iguanas
  40 orc wizards
  38 worker ants
  2 hell rats (Lair:3)
  2 bullfrog simulacra
  2 ogre skeletons (Lab)
  A hound zombie (D:8)
  A worker ant zombie (D:11)
  8 gnolls
  14 adders
  9 river rats (Lair:3)
  2 shadow imps
  2 white imps (Abyss:2)
  4 adder zombies
  2 worms
  4 dart slugs
  7 leopard geckos
  77 orcs
  A ball python (D:2)
  5 giant cockroaches
  10 hobgoblins
  3 jackals (D:1)
  A quokka (D:3)
  5 bats
  7 frilled lizards
  9 goblins
  19 kobolds
  A quokka zombie (D:5)
  6 rats
  A briar patch (Swamp:4)
  A butterfly (Lair:6)
  A fungus (Lair:6)
  11 plants
  2 starspawn tentacles (Abyss:2)
1217 creatures vanquished.

Vanquished Creatures (others)
  A centaur warrior (D:13)
  2 vampire mosquitoes
  A swamp worm (Swamp:4)
  3 centaurs
  An orc wizard (Orc:2)
  A quokka (D:3)
  9 fungi
  27 plants
  2 starspawn tentacles (Abyss:2)
47 creatures vanquished.

Grand Total: 1264 creatures vanquished

Notes
Turn   | Place    | Note
-------+----------+-------------------------------------------
     0 | D:1      | Aolhelm the Gargoyle Fighter began the quest for the Orb.
     0 | D:1      | Reached XP level 1. HP: 14/14 MP: 1/1
   318 | D:1      | Reached XP level 2. HP: 17/19 MP: 2/2
   838 | D:2      | Reached XP level 3. HP: 21/23 MP: 3/3
   933 | D:2      | Found a snail-covered altar of Cheibriados.
  1427 | D:2      | Reached skill level 3 in Maces & Flails
  1442 | D:2      | Reached XP level 4. HP: 28/28 MP: 4/4
  1997 | D:3      | Found a white marble altar of Elyvilon.
  2023 | D:3      | Became a worshipper of Elyvilon the Healer
  2133 | D:3      | Found a bloodstained altar of Trog.
  2133 | D:3      | Noticed an eye of draining
  2133 | D:3      | Noticed an eye of draining
  2133 | D:3      | Noticed an eye of draining
  2165 | D:3      | Killed an eye of draining
  2165 | D:3      | Reached skill level 4 in Maces & Flails
  2165 | D:3      | Reached XP level 5. HP: 32/32 MP: 0/5
  2179 | D:3      | Killed an eye of draining
  2179 | D:3      | Reached XP level 6. HP: 38/38 MP: 1/6
  2190 | D:3      | Killed an eye of draining
  2190 | D:3      | Reached skill level 5 in Maces & Flails
  2229 | D:3      | Noticed an angel
  2237 | D:3      | Found a white marble altar of Elyvilon.
  2238 | D:3      | Found a runed door.
  2760 | D:4      | Reached * piety under Elyvilon
  2832 | D:4      | Reached XP level 7. HP: 39/42 MP: 7/7
  2907 | D:4      | Noticed Golfball's ghost (novice DsBe)
  2923 | D:4      | Killed Golfball's ghost
  2923 | D:4      | Reached skill level 7 in Maces & Flails
  2923 | D:4      | Reached skill level 5 in Shields
  3063 | D:4      | Reached XP level 8. HP: 48/48 MP: 8/8
  3650 | D:5      | Entered Level 5 of the Dungeon
  3665 | D:5      | Noticed Duvessa
  3665 | D:5      | Noticed Dowan
  3683 | D:5      | Killed Duvessa
  3692 | D:5      | Killed Dowan
  3727 | D:5      | Noticed Eustachio
  3769 | D:5      | Killed Eustachio
  3769 | D:5      | Reached skill level 8 in Maces & Flails
  3789 | D:5      | Reached ** piety under Elyvilon
  4009 | D:5      | Reached skill level 1 in Invocations
  4307 | D:5      | Reached XP level 9. HP: 47/53 MP: 10/10
  4311 | D:5      | Gained mutation: You are covered in fur. (AC +1) [mutagenic meat]
  4312 | D:5      | Gained mutation: Your body sometimes deteriorates upon taking damage. [mutagenic meat]
  4512 | D:6      | Reached skill level 5 in Fighting
  4512 | D:6      | Reached skill level 9 in Maces & Flails
  4641 | D:6      | Found an ancient bone altar of Kikubaaqudgha.
  4643 | D:6      | Found a blossoming altar of Fedhas.
  4821 | D:6      | Reached *** piety under Elyvilon
  5425 | D:7      | Found an opulent altar of Gozag.
  5428 | D:7      | Found a sparkling altar of Nemelex Xobeh.
  5454 | D:7      | Reached skill level 5 in Armour
  5476 | D:7      | Found a deep blue altar of Sif Muna.
  5543 | D:7      | Found a staircase to the Ecumenical Temple.
  5669 | Temple   | Entered the Ecumenical Temple
  5793 | Temple   | Fell from the grace of Elyvilon
  5793 | Temple   | Became a worshipper of the Shining One
  5793 | Temple   | Reached * piety under the Shining One
  5811 | Temple   | Lost mutation: Your body sometimes deteriorates upon taking damage. [potion of mutation]
  5811 | Temple   | Lost mutation: You are covered in fur. (AC +1) [potion of mutation]
  5811 | Temple   | Gained mutation: Your flesh is heat resistant. (rF+) [potion of mutation]
  5811 | Temple   | Gained mutation: You are agile. (Dex +2) [potion of mutation]
  6062 | D:7      | Found a burning altar of Makhleb.
  6075 | D:7      | Found a shimmering altar of Xom.
  6229 | D:8      | Noticed maximusg's ghost (novice MiBe)
  6229 | D:8      | Reached ** piety under the Shining One
  6235 | D:8      | Killed maximusg's ghost
  6235 | D:8      | Reached skill level 10 in Maces & Flails
  6396 | D:8      | Noticed a two-headed ogre
  6409 | D:8      | Killed a two-headed ogre
  6409 | D:8      | Reached XP level 10. HP: 46/60 MP: 9/13
  6454 | D:8      | Reached skill level 11 in Maces & Flails
  6542 | D:8      | Found a hazy altar of Hepliaklqana.
  6847 | D:8      | Noticed a two-headed ogre
  6856 | D:8      | Killed a two-headed ogre
  7033 | D:9      | Found Lischieq's Armour Emporium.
  7036 | D:9      | Found a staircase to the Orcish Mines.
  7308 | D:9      | Found Acegov's Elemental Accessories.
  7316 | D:9      | Got a crude rapier
  7317 | D:9      | Identified the +1 rapier of Gehenna {flame, *Rage Int+7} (You found it on level 9 of the Dungeon)
  7346 | D:9      | Reached skill level 5 in Invocations
  7491 | D:9      | Found a sacrificial altar of Ru.
  7812 | D:10     | Entered Level 10 of the Dungeon
  7885 | D:10     | Found a runed door.
  8053 | D:10     | Gained mutation: You occasionally shout uncontrollably at your foes. [mutagenic meat]
  8097 | D:10     | Noticed a two-headed ogre
  8107 | D:10     | Killed a two-headed ogre
  8107 | D:10     | Reached skill level 12 in Maces & Flails
  8107 | D:10     | Reached XP level 11. HP: 59/66 MP: 14/14
  8118 | D:10     | Found a runed door.
  8142 | D:10     | Gained mutation: You possess an exceptional clarity of mind. [mutagenic meat]
  8146 | D:10     | Gained mutation: You are somewhat resistant to further mutation. [mutagenic meat]
  8154 | D:10     | Noticed an eight-headed hydra
  8164 | D:10     | Killed an eight-headed hydra
  8181 | D:10     | Noticed an ogre mage
  8203 | D:10     | Killed an ogre mage
  8255 | D:10     | Noticed a wolf spider
  8259 | D:10     | Noticed a two-headed ogre
  8266 | D:10     | Killed a wolf spider
  8274 | D:10     | Killed a two-headed ogre
  8274 | D:10     | Reached skill level 13 in Maces & Flails
  8572 | D:10     | Found Untukigi's Gadget Shoppe.
  8782 | D:11     | Found a shadowy altar of Dithmenos.
  8877 | D:11     | Noticed a manticore
  8883 | D:11     | Reached *** piety under the Shining One
  8889 | D:11     | Killed a manticore
  9054 | D:11     | Reached skill level 10 in Shields
  9090 | D:11     | Found a staircase to the Lair.
  9400 | D:11     | Reached XP level 12. HP: 51/72 MP: 15/15
  9839 | D:11     | Found a large runed door.
  9839 | D:11     | Found a large runed door.
  9892 | D:11     | Got an encrusted arbalest
  9922 | D:11     | Found a large runed door.
  9922 | D:11     | Found a large runed door.
  9924 | D:11     | Noticed an ogre mage
  9943 | D:11     | Killed an ogre mage
  9952 | D:11     | Got a slimy granite ring
  9954 | D:11     | Identified the cursed ring of Atheism {MR+ Str-2} (You found it on level 11 of the Dungeon)
 10041 | D:11     | Got a twitching ruby amulet
 10043 | D:11     | Identified the amulet "Kitopase" {RegenMP MR+} (You took it off a yaktaur on level 11 of the Dungeon)
 10202 | Lair:1   | Entered Level 1 of the Lair of Beasts
 10662 | Lair:1   | Noticed a four-headed hydra
 10673 | Lair:1   | Killed a four-headed hydra
 10849 | Lair:1   | Reached **** piety under the Shining One
 11261 | Lair:1   | Reached skill level 14 in Maces & Flails
 11405 | D:9      | Bought a wand of iceblast (11/15) for 225 gold pieces
 11904 | Lair:2   | Noticed a seven-headed hydra
 12093 | Lair:2   | Killed a seven-headed hydra
 12183 | Lair:2   | Noticed a queen ant
 12202 | Lair:2   | Killed a queen ant
 12220 | Lair:2   | Reached XP level 13. HP: 58/79 MP: 14/16
 12650 | Lair:2   | Found a hole to the Spider Nest.
 13137 | Lair:3   | Found a staircase to the Swamp.
 14229 | Lair:4   | Found a labyrinth entrance.
 14238 | Lab      | Entered a labyrinth
 16377 | Lab      | Noticed a minotaur
 16387 | Lab      | Killed a minotaur
 16390 | Lab      | Got a slimy ruby amulet
 16413 | Lab      | Identified the amulet "Eziuh" {RegenMP Str+4 Int-2 SInv} (You found it in a labyrinth)
 16551 | Lair:2   | Identified the cursed +2 arbalest "Qimpiy" {flame, *Drain +Fly Int+2 Stlth+} (You found it on level 11 of the Dungeon)
 17690 | Lair:4   | Reached skill level 10 in Fighting
 18353 | Lair:5   | Gained mutation: Your large and strong wings let you fly indefinitely. [Gargoyle growth]
 18353 | Lair:5   | Reached XP level 14. HP: 88/88 MP: 17/17
 18358 | Lair:5   | Reached skill level 15 in Maces & Flails
 18406 | Lair:5   | Reached skill level 10 in Armour
 19296 | D:9      | Bought the +5 plate armour "Tigiynyw" {Regen+ Int+3 SInv} for 851 gold pieces
 19465 | Lair:6   | Entered Level 6 of the Lair of Beasts
 19559 | Lair:6   | Found a dark tunnel.
 19565 | Volcano  | Entered a volcano
 20229 | Lair:6   | Reached skill level 15 in Shields
 20296 | Lair:6   | Found a staircase to the Slime Pits.
 20296 | Lair:6   | Found a viscous altar of Jiyva.
 20639 | Lair:6   | Reached ***** piety under the Shining One
 21118 | Lair:2   | Learned a level 3 spell: Stone Arrow
 21124 | Lair:2   | Learned a level 5 spell: Bolt of Magma
 21217 | Orc:1    | Entered Level 1 of the Orcish Mines
 21248 | Orc:1    | Reached XP level 15. HP: 95/95 MP: 20/20
 21257 | Orc:1    | Reached skill level 1 in Fire Magic
 21745 | Orc:2    | Entered Level 2 of the Orcish Mines
 21777 | Orc:2    | Reached skill level 1 in Earth Magic
 21957 | Orc:2    | Found a staircase to the Elven Halls.
 21957 | Orc:2    | Noticed Rupert
 21974 | Orc:2    | Killed Rupert
 22126 | Orc:2    | Found Rel Zec's Magic Scroll Shoppe.
 22162 | Orc:2    | Bought a scroll of enchant weapon for 97 gold pieces
 22180 | Orc:2    | Found an ancient bone altar of Kikubaaqudgha.
 22235 | Orc:2    | Found a radiant altar of Vehumet.
 22319 | Orc:2    | Found Qiyko's Book Emporium.
 22375 | Orc:2    | Found a roughly hewn altar of Beogh.
 22399 | Orc:2    | Found Nogh's Antique Weapon Emporium.
 22402 | Orc:2    | Found Ufuxufozxi's Book Emporium.
 22768 | D:12     | Reached skill level 1 in Conjurations
 22930 | D:12     | Noticed Snorg
 22940 | D:12     | Killed Snorg
 23230 | D:12     | Reached skill level 5 in Fire Magic
 23778 | D:13     | Reached skill level 16 in Maces & Flails
 23785 | D:13     | Found a gate to the Vaults.
 24465 | D:14     | Reached ****** piety under the Shining One
 25117 | D:15     | Entered Level 15 of the Dungeon
 25125 | D:15     | Identified a +2 eveningstar of holy wrath (a +0 eveningstar of electrocution blessed by the Shining One)
 25125 | D:15     | Received a gift from the Shining One
 25144 | D:15     | Reached XP level 16. HP: 103/103 MP: 22/22
 25147 | D:15     | Found a staircase to the Depths.
 25334 | D:15     | Reached skill level 5 in Earth Magic
 25494 | D:15     | Found Qixtooso's Book Emporium.
 25515 | D:15     | Bought a manual of Maces & Flails for 1876 gold pieces
 26222 | Lair:2   | Learned a level 6 spell: Iron Shot
 26440 | Temple   | Fell from the grace of the Shining One
 26440 | Temple   | Became a worshipper of Zin the Law-Giver
 26440 | Temple   | Reached * piety under Zin
 26440 | Temple   | Reached ** piety under Zin
 26440 | Temple   | Reached *** piety under Zin
 26440 | Temple   | Reached **** piety under Zin
 26610 | Swamp:1  | Entered Level 1 of the Swamp
 26626 | Swamp:1  | Got a scorched platinum ring
 26628 | Swamp:1  | Identified the ring of Fotsifi {Fire Str+5} (You found it on level 1 of the Swamp)
 26656 | Swamp:1  | Reached ***** piety under Zin
 26793 | Swamp:1  | Found a transporter.
 27027 | Swamp:1  | Found a transporter.
 27417 | Swamp:1  | Reached skill level 17 in Maces & Flails
 27460 | Swamp:1  | Got an ancient bronze amulet
 27461 | Swamp:1  | Identified the amulet of Truth {Faith *Corrode rC+ Int+4} (You found it on level 1 of the Swamp)
 27498 | Swamp:1  | Got an ancient golden ring
 27500 | Swamp:1  | Identified the ring "Dojieg" {Fire +Fly Dex+2} (You found it on level 1 of the Swamp)
 27558 | Swamp:2  | Cast into level 2 of the Abyss (spriggan rider)
 27666 | Abyss:2  | Reached skill level 5 in Conjurations
 27672 | Abyss:2  | Noticed a tentacled starspawn
 27679 | Abyss:2  | Killed a tentacled starspawn
 27770 | Abyss:2  | Noticed a tentacled starspawn
 27799 | Abyss:2  | Killed a tentacled starspawn
 27808 | Swamp:2  | Escaped the Abyss
 28353 | Swamp:2  | Reached XP level 17. HP: 107/110 MP: 24/24
 29211 | Swamp:4  | Entered Level 4 of the Swamp
 29503 | Swamp:4  | Reached skill level 18 in Maces & Flails
 29533 | Swamp:4  | Reached ****** piety under Zin
 29644 | Swamp:4  | Reached skill level 10 in Invocations
 29656 | Swamp:4  | Reached skill level 10 in Fire Magic
 29676 | Swamp:4  | Got a decaying rune of Zot
 29786 | Swamp:4  | HP: 1/112 [seven-headed hydra (6)]
 30559 | Spider:1 | Entered Level 1 of the Spider Nest
 30645 | Spider:1 | Reached skill level 15 in Fighting
 31060 | Spider:2 | Reached XP level 18. HP: 119/119 MP: 25/25
 31162 | Spider:2 | Reached skill level 19 in Maces & Flails
 31275 | Spider:2 | Noticed antares's ghost (adept MfGl)
 31287 | Spider:2 | Killed antares's ghost
 31949 | Spider:4 | Entered Level 4 of the Spider Nest
 32131 | Spider:4 | Noticed Arachne
 32151 | Spider:4 | Killed Arachne
 32693 | Spider:4 | Got a gossamer rune of Zot
 33055 | Slime:1  | Entered Level 1 of the Pits of Slime
 33055 | Slime:1  | Noticed Gorgoleon's ghost (adept MiFi)
 33364 | Lair:6   | HP: 3/120 [titanic slime creature (62)]
 33411 | Lair:6   | Zin protects you from harm!
 33700 | Slime:1  | Reached XP level 19. HP: 108/125 MP: 26/26
 33711 | Slime:1  | Killed Gorgoleon's ghost
 33711 | Slime:1  | Reached skill level 20 in Maces & Flails
 33714 | Slime:1  | Reached skill level 10 in Earth Magic
 33825 | Lair:6   | Slain by an acid blob

Skill      XL: |  1  2  3  4  5  6  7  8  9 10 11 12 13 14 15 16 17 18 19 |
---------------+----------------------------------------------------------+-----
Shields        | 4 5 6 7 8 10 12 13 15 | 15.0
Maces & Flails | 3 4 5 7 8 10 12 13 14 15 16 17 18 19 20 | 20.0
Armour         | 4 5 6 8 9 10 11 | 11.2
Fighting       | 4 5 6 7 8 10 11 12 13 15 16 | 16.2
Invocations    | 2 4 5 7 8 9 10 | 10.0
Fire Magic     | 6 8 10 11 12 | 12.0
Earth Magic    | 4 6 8 9 10 | 10.0
Conjurations   | 3 5 7 9 |  9.2

Action                   |  1- 3 |  4- 6 |  7- 9 | 10-12 | 13-15 | 16-18 | 19-21 || total
-------------------------+-------+-------+-------+-------+-------+-------+-------++-------
Melee: Flail             |   126 |   157 |   313 |       |       |       |       ||   596
       Mace              |       |       |   183 |   847 |  1112 |       |       ||  2142
       Eveningstar       |       |       |       |       |   613 |  1571 |    33 ||  2217
 Fire: Arbalest          |       |       |       |       |    29 |       |       ||    29
Throw: Javelin           |       |       |     1 |     1 |     2 |       |       ||     4
 Cast: Stone Arrow       |       |       |       |       |       |    13 |       ||    13
Invok: Divine Shield     |       |       |     1 |     4 |     3 |       |       ||     8
       Brand Weapon With |       |       |       |       |     1 |       |       ||     1
       Vitalisation      |       |       |       |       |       |     8 |       ||     8
       Recite            |       |       |       |       |       |     4 |       ||     4
 Abil: Fly               |       |       |       |       |     1 |       |       ||     1
Evoke: Wand              |       |       |       |     2 |       |    11 |       ||    13
  Use: Potion            |       |     1 |     5 |     1 |       |     8 |     1 ||    16
       Scroll            |       |       |    13 |    10 |    20 |    10 |       ||    53
 Stab: Held in net/web   |       |       |       |       |       |     1 |       ||     1
  Eat: Chunk             |     2 |     5 |    12 |    27 |    25 |    13 |       ||    84
       Royal jelly       |       |       |     1 |       |     9 |     1 |       ||    11
       Meat ration       |       |       |       |       |       |     1 |       ||     1
       Bread ration      |       |       |       |       |       |     3 |       ||     3
Armor: Scale mail        |    11 |       |       |       |       |       |       ||    11
       Chain mail        |    67 |    23 |   120 |   257 |   225 |       |       ||   692
       Ring mail         |       |    38 |    11 |       |       |       |       ||    49
       Plate armour      |       |       |    60 |   112 |   407 |  1069 |    29 ||  1677
Dodge: Dodged            |    34 |    42 |    72 |   149 |   222 |   407 |     7 ||   933
       Deflected         |       |       |       |     3 |    14 |    20 |     1 ||    38
Block: Shield            |    59 |    74 |   233 |   600 |  1101 |  1300 |    20 ||  3387
       Reflection        |       |       |    12 |    15 |    18 |    19 |       ||    64
